 Dungeon Crawl Stone Soup version 0.21-a0-279-g6037ffb (webtiles) character file.

1256 dricus the Basher (level 8, -6/42 HPs)
             Began as a Vine Stalker Berserker on Sept 23, 2017.
             Was an Elder of Trog.
             Mangled by Prince Ribbit (10 damage)
             ... on level 5 of the Dungeon.
             The game lasted 00:08:48 (3908 turns).

dricus the Basher (Vine Stalker Berserker)          Turns: 3908, Time: 00:08:49

Health: -6/42      AC: 13    Str: 21    XL:     8   Next: 51%
Magic:  0/9        EV:  6    Int:  7    God:    Trog [****..]
Gold:   395        SH:  0    Dex: 15    Spells: 7/7 levels left

rFire    . . .     SeeInvis .   a - +0 dire flail (crush)
rCold    + . .     Gourm    .   (shield currently unavailable)
rNeg     . . .     Faith    .   p - +0 plate armour
rPois    .         Spirit   +   m - +0 helmet
rElec    .         Reflect  .   (no cloak)
rCorr    .         Harm     .   (no gloves)
MR       +....                  k - +1 pair of boots
Stlth    ..........             (no amulet)
HPRegen  0.54/turn              t - ring of protection from cold
MPRegen  0.11/turn              (no ring)

@: berserk cooldown, slowed, very slow
A: fangs 3, regeneration 1, magic shield, antimagic bite, no potion heal 3, rot
immunity
a: Berserk, Trog's Hand, Brothers in Arms, Burn Spellbooks, Renounce Religion


You were on level 5 of the Dungeon.
You worshipped Trog.
Trog was greatly pleased with you.
You were hungry.

You visited 1 branch of the dungeon, and saw 5 of its levels.

You collected 395 gold pieces.

Inventory:

Hand Weapons
 a - a +0 dire flail of crushing (weapon)
 r - a +1 flail
 x - a +2 mace of protection
Armour
 k - a +1 pair of boots (worn)
 m - a +0 helmet (worn)
 p - a +0 plate armour (worn)
Jewellery
 t - a ring of protection from cold (left hand)
Wands
 w - a wand of lightning (15/15)
Scrolls
 d - 3 scrolls of teleportation
 g - a scroll of remove curse
 l - a scroll of enchant weapon
 n - a scroll of blinking
 q - a scroll of recharging
 u - a scroll of enchant armour {unknown}
 y - a scroll of fog
 z - a scroll of fear {unknown}
 C - 3 scrolls of identify
Potions
 b - a potion of flight
 e - 3 potions of lignification
 j - 2 potions of curing {@q9}
 o - a potion of heal wounds {unknown}
 s - a potion of haste
 v - a potion of agility {unknown}
 A - a potion of might {unknown}
Comestibles
 c - 4 bread rations
 f - 2 meat rations
 h - 4 fruits
 i - 2 royal jellies
 B - 6 chunks of flesh


   Skills:
 + Level 4.5 Fighting
 * Level 8.9 Maces & Flails
 - Level 1.5 Armour
 - Level 1.5 Dodging


You had 7 spell levels left.
You didn't know any spells.

Dungeon Overview and Level Annotations

Branches:
Dungeon (5/15)
 Temple: D:4-7

Altars:
Dithmenos
Hepliaklqana
Sif Muna
Vehumet
The Shining One

Annotations:
D:5 Prince Ribbit


Innate Abilities, Weirdness & Mutations

You have razor-sharp teeth.
Your natural rate of healing is unusually fast.
When hurt, damage is shared between your health and your magic reserves.
Your bite disrupts and absorbs the magic of your enemies.
Potions cannot restore your health.
You are immune to rotting.


Message History

You hit Prince Ribbit.
Prince Ribbit is heavily wounded.
Prince Ribbit falters for a moment.
Prince Ribbit hits you but does no damage.
You miss Prince Ribbit.
Prince Ribbit is heavily wounded.
Prince Ribbit hits you.
* * * LOW HITPOINT WARNING * * *
Prince Ribbit hits you.
* * * LOW HITPOINT WARNING * * *
Prince Ribbit hits you but does no damage.
Prince Ribbit hits you!
* * * LOW HITPOINT WARNING * * *
Prince Ribbit falters for a moment.
Things that are here:
a scimitar; a runed robe; the orc corpse of Blork the orc Prince Ribbit hits you.
* * * LOW HITPOINT WARNING * * *
Prince Ribbit hits you!
You die...

###...##
#.%....#
......#
.....# ...#
########.#
##
#......).#
..
#.######F#
.# #@#
####.# #.#
.....####.
#.#
.)........
#.##
.#).#####
#..# .#..#
##.# .#..#
#.# .#..#
#.# .#..#
#########.#


You could see Prince Ribbit.

Vanquished Creatures
  Edmund (D:4)
  An ice beast (D:5)
  A sky beast (D:5)
  An ogre (D:4)
  Blork the orc (D:5)
  A scorpion (D:4)
  2 howler monkeys
  A crimson imp (D:5)
  2 hounds (D:5)
  An iguana (D:4)
  Ijyb (D:4)
  5 orc wizards
  2 worker ants
  2 hound skeletons
  8 gnolls
  12 adders
  A shadow imp (D:5)
  An adder skeleton (D:4)
  2 worms
  A dart slug (D:2)
  5 leopard geckos
  16 orcs
  7 bats
  5 giant cockroaches
  8 goblins
  11 hobgoblins
  4 jackals (D:2)
  7 kobolds
  5 quokkas
  7 frilled lizards
  A leopard gecko zombie (D:5)
  A quokka skeleton (D:5)
  7 rats
  A plant (D:5)
132 creatures vanquished.

Notes
Turn   | Place    | Note
-------+----------+-------------------------------------------
     0 | D:1      | dricus the Vine Stalker Berserker began the quest for the Orb.
     0 | D:1      | Reached XP level 1. HP: 11/11 MP: 2/2
   325 | D:1      | Reached skill level 3 in Maces & Flails
   673 | D:2      | Reached XP level 2. HP: 16/16 MP: 3/3
   932 | D:2      | Reached XP level 3. HP: 20/20 MP: 4/4
  1050 | D:2      | Reached ** piety under Trog
  1441 | D:2      | Found a hazy altar of Hepliaklqana.
  1496 | D:2      | Found a faded altar of an unknown god.
  1544 | D:2      | Reached skill level 4 in Maces & Flails
  1546 | D:2      | Gained mutation: Your natural rate of healing is unusually fast. [Vine Stalker growth]
  1546 | D:2      | Reached XP level 4. HP: 24/24 MP: 5/5
  1831 | D:3      | Reached XP level 5. HP: 28/28 MP: 6/6
  2009 | D:3      | Reached *** piety under Trog
  2102 | D:3      | Reached skill level 5 in Maces & Flails
  2319 | D:3      | Found a shadowy altar of Dithmenos.
  2484 | D:4      | Reached XP level 6. HP: 32/32 MP: 7/7
  2519 | D:4      | Reached skill level 6 in Maces & Flails
  2788 | D:4      | Reached XP level 7. HP: 37/37 MP: 8/8
  2800 | D:4      | Noticed Ijyb
  2812 | D:4      | Killed Ijyb
  3008 | D:4      | Noticed Edmund
  3023 | D:4      | Killed Edmund
  3023 | D:4      | Reached skill level 7 in Maces & Flails
  3084 | D:4      | Received a gift from Trog
  3100 | D:4      | Found a glowing golden altar of the Shining One.
  3163 | D:5      | Entered Level 5 of the Dungeon
  3164 | D:5      | Noticed Prince Ribbit
  3355 | D:5      | Reached skill level 8 in Maces & Flails
  3355 | D:5      | Gained mutation: You have razor-sharp teeth. [Vine Stalker growth]
  3355 | D:5      | Reached XP level 8. HP: 42/42 MP: 9/9
  3540 | D:5      | Reached **** piety under Trog
  3647 | D:5      | Found a deep blue altar of Sif Muna.
  3647 | D:5      | Found a radiant altar of Vehumet.
  3875 | D:5      | Noticed Blork the orc
  3891 | D:5      | Killed Blork the orc
  3908 | D:5      | Mangled by Prince Ribbit

Vault maps used:
D:1:      dpeg_arrival_court, grunt_decor_cap, minmay_misc_feat_nine_boxes,
          glass_columns_a
D:2:      lemuel_round_altar, chequers_ecumenical_altar_island, minmay_tripent
D:3:      grunt_dithmenos_smoke
D:4:      tso_oasis_becter, uniq_edmund, uniq_ijyb
D:5:      gammafunk_temple_overflow_wave, first_bread, guppyfry_early_lair_pool,
          uniq_prince_ribbit1, uniq_blork_the_orc, uniq_crazy_yiuf_cottage

Skill      XL: |  1  2  3  4  5  6  7 |
---------------+----------------------+-----
Maces & Flails | 3 4 5 6 8 |  8.9
Fighting       | 3 4 |  4.5
Armour         | |  1.5
Dodging        | |  1.5

Action                   |  1- 3 |  4- 6 |  7- 9 || total
-------------------------+-------+-------+-------++-------
Melee: Mace              |    78 |    53 |       ||   131
       Bite              |    24 |    49 |    46 ||   119
       Flail             |       |   125 |    31 ||   156
       Dire flail        |       |       |   152 ||   152
Invok: Berserk           |       |       |     3 ||     3
  Use: Scroll            |     4 |     3 |     4 ||    11
       Potion            |       |     1 |       ||     1
 Stab: Sleeping          |     1 |       |       ||     1
  Eat: Chunk             |     2 |     4 |     6 ||    12
Armor: Animal skin       |    13 |       |       ||    13
       Plate armour      |    30 |   133 |   114 ||   277
Dodge: Dodged            |    46 |    42 |    43 ||   131

Table legend:
 A = Spawn XP
 B = Non-spawn XP
 C = Spawn XP percentage of total XP
 D = Spawn monster count
 E = Non-spawn monster count
 F = Spawn count percentage of total count
 G = Total turns spent on level
                    A         B        C        D         E        F      G
               +---------+---------+-------+---------+---------+-------+---------
         Total |       0 |    1795 |   0.0 |       0 |     131 |   0.0 |  3908
               +---------+---------+-------+---------+---------+-------+---------
           D:1 |       0 |       9 |   0.0 |       0 |       5 |   0.0 |   674
           D:2 |       0 |      87 |   0.0 |       0 |      34 |   0.0 |  1056
           D:3 |       0 |     209 |   0.0 |       0 |      36 |   0.0 |   746
           D:4 |       0 |     609 |   0.0 |       0 |      23 |   0.0 |   687
           D:5 |       0 |     881 |   0.0 |       0 |      33 |   0.0 |   745
               +---------+---------+-------+---------+---------+-------+---------
